 Dungeon Crawl Stone Soup version 0.27-a0-1158-gaa87e14f67 (webtiles) character file.

Game seed: 16682837538084496094

228 avis the Cudgeller (level 6, 0/56 HPs)
             Began as a Hill Orc Monk on May 15, 2021.
             Slain by Sigmund
             ... wielding a +0 scythe
              (2 damage)
             ... on level 3 of the Dungeon.
             The game lasted 00:14:55 (4237 turns).

avis the Cudgeller (Hill Orc Monk)                  Turns: 4237, Time: 00:14:56

Health: 0/56       AC:  9    Str: 16    XL:     6   Next: 2%
Magic:  6/6        EV:  7    Int: 13    God:
Gold:   172        SH:  0    Dex: 13    Spells: 5/5 levels left

rFire    . . .     SeeInvis .   a - +0 flail
rCold    . . .     Faith    .   (no shield)
rNeg     . . .     Spirit   .   y - +0 chain mail
rPois    .         Reflect  .   x - +0 helmet {Int+3}
rElec    .         Harm     .   (no cloak)
rCorr    .         Rampage  .   (no gloves)
Will     .....                  (no boots)
Stlth    ..........             (no amulet)
HPRegen  0.18/turn              (no ring)
MPRegen  0.10/turn              (no ring)

@: no status effects
A: no striking features
a: no special abilities


You were on level 3 of the Dungeon.
You visited 1 branch of the dungeon, and saw 4 of its levels.

You collected 172 gold pieces.

Inventory:

Hand Weapons
 a - a +0 flail (weapon)
 b - a +1 dagger of venom
 d - a +0 whip
 l - a +0 mace
 r - a +0 spear
 s - a +0 spear
 u - a +0 spear
 C - a +3 spear
 D - a +0 halberd
Missiles
 g - 53 arrows
 h - 65 stones (quivered)
 j - 31 bolts
Armour
 e - a +0 plate armour
 x - a +0 helmet of intelligence (worn)
 y - a +0 chain mail (worn)
Magical Staves
 B - a staff of earth
Jewellery
 t - a +6 ring of intelligence
Scrolls
 c - a scroll of torment {unknown}
 k - a scroll of identify {unknown}
 m - a scroll of fog {unknown}
 o - a scroll of enchant armour {unknown}
 p - a scroll of magic mapping {unknown}
 q - 2 scrolls of noise {unknown}
 A - a scroll of teleportation {unknown}
Potions
 f - a potion of lignification {unknown}
 i - a potion of heal wounds
 n - a potion of magic {unknown}
 v - 2 potions of brilliance {unknown}
 w - 2 potions of haste {unknown}
 z - 2 potions of berserk rage {unknown}
 E - a potion of curing {unknown}


   Skills:
 + Level 5.3 Fighting
 * Level 6.1 Maces & Flails
 - Level 2.4 Dodging
 - Level 1.5 Stealth


You had 5 spell levels left.
You didn't know any spells.
Your spell library was empty.

Dungeon Overview and Level Annotations

Branches:
Dungeon (4/15)
 Temple: D:4-7

Altars:

Annotations:
D:3 Sigmund


Message History

You closely miss something. Something hits you but does no damage.
You sock something!
You hear some strange, mumbled words.
A puff of flame appears from out of thin air!
The puff of flame hits you.
You barely miss something. Something hits you.
You miss something.
You hear some strange, mumbled words.
A puff of flame appears from out of thin air!
The puff of flame hits you!
You miss something. Something hits you. x2
You miss something. Something hits you!
* * * LOW HITPOINT WARNING * * *
You feel much better. Something hits you!
You hit something but do no damage. Something hits you but does no damage.
You miss something.
You hear some strange, mumbled words.
A magic dart appears from out of thin air!
The magic dart hits you but does no damage.
You hit something. Something hits you but does no damage.
You hit something. Something hits you but does no damage.
You hit something. Something hits you.
You barely miss something.
You hear some strange, mumbled words.
A puff of flame appears from out of thin air!
The puff of flame hits you!
You miss something. Something hits you!
* * * LOW HITPOINT WARNING * * *
You closely miss something. Something hits you but does no damage.
You barely miss something. Something completely misses you.
You miss something. Something hits you!
* * * LOW HITPOINT WARNING * * *
You miss something. Something hits you but does no damage.
You hear some strange, mumbled words.
Something tries to affect you, but you resist.
You closely miss something. Something hits you but does no damage.
You barely miss something. Something hits you.
* * * LOW HITPOINT WARNING * * *
You closely miss something. Something hits you.
You die...

#.# #####......#
#.# ##.......##.#
#.#####......#....#
.........#######..#
#)#####.## #..# #.#
#.#
#..#############
#.# #.#
#..............###
..# #.#
#.############....
..# #.# #@# #.###
..#####.# #{# #<#
........# #.# #.#
#.#####.########.#
#.#
#................#
#.#
#####...##########
#.# #.#.# #.# #.#.#
#.# #.#.# #.###


There were no monsters in sight!

Vanquished Creatures
  A bullfrog skeleton (D:3)
  An iguana (D:2)
  6 gnolls
  An adder (D:3)
  An adder skeleton (D:4)
  3 dart slugs
  3 worms (D:2)
  4 orcs (D:3)
  4 ball pythons
  5 bats
  8 endoplasms
  2 giant cockroaches
  3 hobgoblins
  14 jackals
  2 quokkas
  4 frilled lizards
  9 goblins
  9 kobolds
  6 rats
86 creatures vanquished.

Notes
Turn   | Place    | Note
-------+----------+-------------------------------------------
     0 | D:1      | avis the Hill Orc Monk began the quest for the Orb.
     0 | D:1      | Reached XP level 1. HP: 19/19 MP: 1/1
    45 | D:1      | Reached XP level 2. HP: 5/26 MP: 2/2
   414 | D:1      | Reached skill level 4 in Maces & Flails
   694 | D:1      | Found a faded altar of an unknown god.
   844 | D:1      | Reached XP level 3. HP: 16/33 MP: 3/3
  1351 | D:2      | Reached XP level 4. HP: 20/41 MP: 4/4
  1549 | D:2      | You fall into a shaft and drop 1 floor!
  2123 | D:2      | Reached skill level 5 in Maces & Flails
  2355 | D:2      | Reached XP level 5. HP: 39/47 MP: 5/5
  3371 | D:3      | Reached skill level 5 in Fighting
  3954 | D:3      | Reached skill level 6 in Maces & Flails
  4098 | D:3      | Reached XP level 6. HP: 56/56 MP: 6/6
  4192 | D:4      | Noticed Sigmund
  4236 | D:3      | HP: 2/56 [something (6)]
  4237 | D:3      | Slain by Sigmund

Illustrated notes

Levels and vault maps discovered:
D:1:      lightli_arrival_boilingwater, layout_rooms,
          shapermc_ecumenical_altar_totnotflames, minmay_pentomino_r4
D:2:      layout_loops_corners, minmay_misc_feat_alley,
          kennysheep_generic_room_13
D:3:      layout_loops_ring
D:4:      lemuel_castle_with_subvaults [lemuel_castle_interior_carwin_3],
          layout_basic, nicolae_overflow_hidden_temple,
          minmay_temple_entry_poolview, grunt_decor_arrowhead,
          nicolae_elemental_shop, minmay_fractal_squares_diagonal_5,
          uniq_sigmund, uniq_eustachio, uniq_natasha

Skill      XL: |  1  2  3  4  5 |
---------------+----------------+-----
Fighting       | 4 5 |  5.3
Maces & Flails | 4 5 6 |  6.1
Dodging        | |  2.4
Stealth        | |  1.5

Action                   |  1- 3 |  4- 6 || total
-------------------------+-------+-------++-------
Melee: Mace              |   100 |       ||   100
       Flail             |     7 |   282 ||   289
  Use: Potion            |       |     2 ||     2
Armor: Robe              |    18 |       ||    18
       Plate armour      |    43 |   149 ||   192
       Chain mail        |       |    59 ||    59
Dodge: Dodged            |    39 |    70 ||   109

Table legend: (Time is in decaauts)
 A = Elapsed time spent in this place.
 B = Non-inter-level travel time spent in this place.
 C = Inter-level travel time spent in this place.
 D = Time resting spent in this place.
 E = Time spent auto-exploring this place.
 F = Levels seen in this place.
 G = Mean time per level.
                   A        B        C        D        E       F      G
               +--------+--------+--------+--------+--------+-----+--------+
         Total |   4309 |   4087 |    222 |   1253 |   1771 |   4 | 1077.2 |
       Dungeon |   4309 |   4087 |    222 |   1253 |   1771 |   4 | 1077.2 |
               +--------+--------+--------+--------+--------+-----+--------+

Top non-repeatable levels by time:
     D:2: 1706 daAuts
     D:1: 1301 daAuts
     D:3: 1184 daAuts
     D:4: 117 daAuts
